 Dungeon Crawl Stone Soup version 0.31-a0-988-g08d55dae12 (webtiles) character file.

Game seed: 6171624513594434809

4 BinkBink the Shooter (level 1, 0/10 HPs)
             Began as a Spriggan Hunter on Nov 5, 2023.
             Killed from afar by a dart slug (5 damage)
             ... with a slug dart
             ... on level 1 of the Dungeon.
             The game lasted 00:00:14 (87 turns).

BinkBink the Shooter (Spriggan Hunter)                Turns: 87, Time: 00:00:14

Health: 0/10       AC:  2    Str:  7    XL:     1   Next: 58%
Magic:  2/2        EV: 17    Int: 10    God:
Gold:   14         SH:  0    Dex: 18    Spells: 0/0 levels left

rFire   . . .        a - +0 shortbow
rCold   . . .        (shield currently unavailable)
rNeg    . . .        c - +0 robe
rPois   .            (helmet restricted)
rElec   .            (no cloak)
rCorr   .            (gloves unavailable)
SInv    +            (boots unavailable)
Will    .....        (no amulet)
Stlth   ++           (no ring)
HPRegen 0.21/turn    (no ring)
MPRegen 0.08/turn

%: no passive effects
@: very quick
A: very small, no large weapons, unfitting armour, see invisible, speed 3
a: no special abilities


You were on level 1 of the Dungeon.
You visited 1 branch of the dungeon, and saw 1 of its levels.

You collected 14 gold pieces.

Inventory:

Hand Weapons
 a - a +0 shortbow (weapon)
Armour
 c - a +0 robe (worn)
Scrolls
 b - a scroll of butterflies
 d - a scroll of fog {unknown}


   Skills:
 - Level 1.5 Fighting
 + Level 4.2 Ranged Weapons
 - Level 2.6 Dodging
 - Level 1.5 Stealth


You couldn't memorise any spells.
You didn't know any spells.
Your spell library was empty.

Dungeon Overview and Level Annotations

Branches:
Dungeon (1/15)

Altars:


Innate Abilities, Weirdness & Mutations

You are very small and have problems with some larger weapons.
You are too small for most types of armour.
You have supernaturally acute eyesight. (SInv)
You cover ground extremely quickly. (Speed+++)


Message History

The arrow barely misses the hobgoblin.
The ball python bites you but does no damage.
The ball python barely misses you. The ball python misses you.
The ball python barely misses you. The ball python misses you. x2
You shoot an arrow. The arrow hits the ball python.
You kill the ball python!
The ball python bites you. The ball python closely misses you.
You shoot an arrow.
The arrow hits the hobgoblin but does no damage.
The hobgoblin is severely wounded.
You shoot an arrow. The arrow closely misses the hobgoblin.
The arrow hits the ball python.
The ball python is moderately wounded.
The hobgoblin hits you.
You shoot an arrow. The arrow barely misses the hobgoblin.
The arrow hits the ball python.
The ball python is severely wounded.
The hobgoblin hits you.
You are too injured to fight recklessly!
You are too injured to fight recklessly!
Found 4 javelins.
You are too injured to fight recklessly!
You are too injured to fight recklessly!
You are too injured to fight recklessly!
A malevolent force fills the Dungeon... and a teleportation trap spontaneously manifests!
You are yanked towards some nearby monsters!
Your surroundings suddenly seem different. 2 endoplasms, a rat, a hobgoblin and 2 kobolds come into view.
Found a leather armour.
A dart slug comes into view.
Found a dagger.
The endoplasm quivers.
The kobold shouts!
You hear a shout!
The dart slug launches a dart at you. The slug dart hits you.
A ball python comes into view.
The dart slug launches a dart at you. The slug dart hits you.
Ouch! That really hurt!
You die...

#..........
#..........
#..........
#..........
.w........ #
#........# #
##...[....## . #
#..@.......# #.
.. #......g...#.
...#
#............
##...
#.##K......J...#
#..
#..S..J........#
##.
###.#...K......#
##
#.##.......#.r #
#. ###.#####
###### ..#
......


You could see a dart slug, 2 endoplasms, a hobgoblin, a ball python (wandering)
and 2 kobolds.

Vanquished Creatures
  A ball python (D:1)
  2 hobgoblins (D:1)
  A rat (D:1)
4 creatures vanquished.

Notes
Turn   | Place    | Note
-------+----------+-------------------------------------------
     0 | D:1      | BinkBink the Spriggan Hunter began the quest for the Orb.
     0 | D:1      | Reached XP level 1. HP: 10/10 MP: 2/2
    87 | D:1      | Killed from afar by a dart slug

Illustrated notes

Levels and vault maps discovered:
D:1:      wander_arrival_desolate, layout_rooms, kennysheep_another_room

Action                     || total
---------------------------++-------
   Fire: Shortbow          ||    14
 Armour: Robe              ||     6
  Dodge: Dodged            ||    10

Table legend: (Time is in decaauts)
 A = Elapsed time spent in this place.
 B = Non-inter-level travel time spent in this place.
 C = Inter-level travel time spent in this place.
 D = Time resting spent in this place.
 E = Time spent auto-exploring this place.
 F = Levels seen in this place.
 G = Mean time per level.
                   A        B        C        D        E       F      G
               +--------+--------+--------+--------+--------+-----+--------+
         Total |     61 |     61 |      0 |      0 |     29 |   1 |   61.0 |
       Dungeon |     61 |     61 |      0 |      0 |     29 |   1 |   61.0 |
               +--------+--------+--------+--------+--------+-----+--------+

Top non-repeatable levels by time:
     D:1: 61 daAuts
